 Dungeon Crawl Stone Soup version 0.29.1-2-gbd0b4ee654 (webtiles) character file.

Game seed: 6653917863241780575

75 KittyFluff the Trooper (level 4, 0/29 HPs)
             Began as a Gargoyle Berserker on Oct 28, 2022.
             Was a Believer of Trog.
             Slain by a worm (8 damage)
             ... on level 3 of the Dungeon.
             The game lasted 00:10:45 (2788 turns).

KittyFluff the Trooper (Gargoyle Berserker)         Turns: 2788, Time: 00:10:45

Health: 0/29       AC:  5    Str: 20    XL:     4   Next: 31%
Magic:  4/4        EV: 12    Int:  8    God:    Trog [**....]
Gold:   175        SH:  0    Dex: 11    Spells: 3/3 levels left

rFire   . . .      SeeInvis .   a - +0 mace
rCold   . . .      Faith    .   (no shield)
rNeg    + . .      Spirit   .   b - +0 animal skin
rPois   ∞          Reflect  .   (no helmet)
rElec   +          Harm     .   (no cloak)
rCorr   .          Rampage  .   (no gloves)
Will    .....                   (no boots)
Stlth   +.........              e - amulet of the acrobat
HPRegen 0.09/turn               (no ring)
MPRegen 0.09/turn               (no ring)

@: no status effects
A: sickness immunity, AC +3, negative energy resistance 1, electricity
resistance, torment resistance 1, petrification resistance
a: Renounce Religion, Berserk, Trog's Hand


You were on level 3 of the Dungeon.
You worshipped Trog.
Trog was pleased with you.
You visited 1 branch of the dungeon, and saw 3 of its levels.

You collected 175 gold pieces.

Inventory:

Hand Weapons
 a - a +0 mace (weapon)
 o - a +0 sling
Missiles
 d - 6 boomerangs (quivered)
 i - 2 poisoned darts
Armour
 b - a +0 animal skin (worn)
Jewellery
 e - an amulet of the acrobat (around neck)
Scrolls
 g - a scroll of teleportation {unknown}
 j - 2 scrolls of poison {unknown}
 k - a scroll of noise {unknown}
 l - a scroll of identify
 m - a scroll of enchant weapon {unknown}
 n - 2 scrolls of amnesia {unknown}
 p - a scroll of silence {unknown}
Potions
 c - a potion of haste
 f - 2 potions of attraction
 h - a potion of might


   Skills:
 + Level 4.0 Fighting
 + Level 3.9 Maces & Flails
 * Level 2.7 Armour
 + Level 2.0 Dodging
 + Level 0.2 Stealth


You had 3 spell levels left.
You didn't know any spells.
Your spell library was empty.

Dungeon Overview and Level Annotations

Branches:
Dungeon (3/15)

Altars:
Trog

Shops:
D:2 *


Innate Abilities, Weirdness & Mutations

You are immune to sickness and miasma.
Your stone body is resilient. (AC +3)
You are immune to poison.
You resist negative energy. (rN+)
You are resistant to electric shocks. (rElec)
You are resistant to unholy torment.
You are immune to petrification.


Message History

Things that are here:
a rat corpse; a rat corpse You hit the rat.
The rat is heavily wounded.
The rat closely misses you. The rat bites you but does no damage.
You hit the rat but do no damage.
The rat is heavily wounded.
The rat bites you but does no damage.
You completely miss the rat.
The rat is heavily wounded.
The rat bites you but does no damage. x2
You hit the rat but do no damage.
The rat is heavily wounded.
The rat barely misses you. The rat closely misses you.
You thump the rat!
You kill the rat!
Trog accepts your kill.
You hit the worm. You punch the worm.
The worm is moderately wounded.
You hit the worm.
The worm is heavily wounded.
The worm closely misses you.
You hit the worm.
The worm is heavily wounded.
The worm bites you!
You sock the worm!
You kill the worm!
Trog accepts your kill.
Items here: ††††.
There are monsters nearby!
Found a smoking trident.
The moth of wrath goads the worm on!
The worm goes berserk!
You hit the worm.
The worm is lightly wounded.
The worm bites you!
* * * LOW HITPOINT WARNING * * *
You hit the worm.
The worm is moderately wounded.
The worm bites you!
You die...

##...#.........##....#.##
#####...##....#....#####.#.##
#.......##...###..).##.......
.........†...#y#._.)#..#...##
######..##...###....#####.†.#
#####....#....# ##..#
#.........# ##.# ##..w...)##
#.# ##@...### ### ######


You could see a moth of wrath and a worm (berserk).

Vanquished Creatures
  2 adders (D:3)
  3 worms
  A dart slug (D:1)
  8 bats
  5 endoplasms
  3 giant cockroaches (D:1)
  4 hobgoblins
  3 jackals (D:2)
  A quokka (D:2)
  7 ball pythons
  A frilled lizard (D:2)
  2 goblins (D:3)
  A kobold (D:1)
  7 rats
48 creatures vanquished.

Notes
Turn   | Place    | Note
-------+----------+-------------------------------------------
     0 | D:1      | KittyFluff the Gargoyle Berserker began the quest for the
                  | Orb.
     0 | D:1      | Reached XP level 1. HP: 14/14 MP: 1/1
   338 | D:1      | Reached XP level 2. HP: 19/19 MP: 2/2
   410 | D:1      | Found a faded altar of an unknown god.
  1642 | D:2      | Found Werghuxt's Assorted Antiques.
  1684 | D:2      | Reached XP level 3. HP: 24/24 MP: 3/3
  2564 | D:3      | Reached ** piety under Trog
  2651 | D:3      | Reached skill level 4 in Fighting
  2665 | D:3      | Reached XP level 4. HP: 26/29 MP: 4/4
  2753 | D:3      | Noticed a moth of wrath
  2757 | D:3      | Found a bloodstained altar of Trog.
  2788 | D:3      | Slain by a worm

Illustrated notes

Levels and vault maps discovered:
D:1:      heliophobic_arrival_glass_houses, layout_rooms,
          ebering_ecumenical_altar_petrified, serial_bayou_pond_e,
          hangedman_glass_teeth, minmay_misc_feat_plants, dk_noncrumbling_3,
          serial_bayou_ford_a
D:2:      layout_basic, serial_shops, nicolae_shop_advertising_works
          [nicolae_subvault_shop_adworks], wander_ebering_terrifying_dragon_lair
D:3:      layout_rooms, tgw_trog, old_standard_altar, grunt_decor_arrowhead

Skill      XL: |  1  2  3 |
---------------+----------+-----
Fighting       | 4 |  4.0
Dodging        | 2 |  2.0
Maces & Flails | |  3.9
Armour         | |  2.7
Stealth        | |  0.2

Action                   |  1- 3 |  4- 6 || total
-------------------------+-------+-------++-------
Melee: Mace              |   132 |    24 ||   156
       Punch             |       |     1 ||     1
  Use: Scroll            |     3 |       ||     3
 Stab: Sleeping          |     1 |       ||     1
Armor: Animal skin       |    48 |     8 ||    56
Dodge: Dodged            |   120 |    19 ||   139
